AoeStats
← Joaquito

Arena

505442609Analyzed
4v4 RM · 23d ago on Sep 9, 2026· 41m 48s· 8 players
Game mode
Random Map
Map size
Large (8 player)
Population
200
Speed
Normal
Resources
Standard
Victory
Conquest
Starting age
Dark Age
Ending age
Imperial Age
RankedLock teamsTeams togetherTeam positionsShared explorationLock speedFull tech treeHidden civsTurbo modeCheats
Victory
Defeat
🇹🇷 Burgundians · Türkiye
1149
+11
🇨🇳 Celts · China
1134
+11
🇨🇳 Italians · China
1111
+30
🇩🇪 Huns · Germany
1100
+12
🇦🇷 Burgundians · Argentina
1086
-14
🇨🇱 Wu · Chile
1062
-13
🇨🇱 Turks · Chile
984
-10
🇨🇱 Chinese · Chile
967
-9
wildknife_77
10:23 Feudal Age
12:29 Loom
17:15 Castle Age
18:43 Fervor
19:41 Double-Bit Axe
19:47 Gold Mining
21:26 Horse Collar
22:04 Bow Saw
22:42 Gold Shaft Mining
22:31 Scale Barding Armor
25:08 Chain Barding Armor
25:07 Stone Mining
27:54 Wheelbarrow
28:17 Heavy Plow
28:39 Husbandry
28:50 Bloodlines
28:52 Forging
29:30 Marauders
30:08 Hand Cart
34:59 Imperial Age
35:04 Iron Casting
35:41 Elite Tarkan
36:42 Conscription
36:45 Atheism
37:58 Blast Furnace
37:33 Plate Barding Armor
36:51 Fletching
39:00 Two-Man Saw
BULLETS ARE SEXY
9:59 Feudal Age
8:39 Double-Bit Axe
8:38 Horse Collar
12:28 Loom
16:18 Castle Age
14:46 Bow Saw
15:44 Wheelbarrow
18:29 Squires
18:28 Gold Mining
20:32 Hand Cart
22:23 Fervor
22:29 Town Watch
22:52 Scale Barding Armor
25:03 Sanctity
28:12 Chain Barding Armor
28:03 Forging
28:05 Stone Mining
30:55 Imperial Age
28:31 Cavalier
29:13 Husbandry
30:22 Iron Casting
30:14 Masonry
31:38 Stone Shaft Mining
31:41 Gold Shaft Mining
31:35 Paladin
35:08 Plate Barding Armor
36:27 Blast Furnace
36:33 Two-Man Saw
37:19 Heavy Plow
37:49 Conscription
41:15 Crop Rotation
41:37 Town Patrol
42:52 Chemistry
42:12 Ballistics
42:23 Architecture
41:48 Murder Holes
I can fly
4:45 Loom
8:34 Feudal Age
9:29 Double-Bit Axe
10:15 Town Watch
12:27 Fletching
16:26 Horse Collar
20:18 Wheelbarrow
23:14 Castle Age
22:18 Scale Mail Armor
28:25 Imperial Age
26:31 Gold Mining
27:08 Sanctity
27:07 Bow Saw
28:19 Masonry
29:25 Block Printing
29:39 Illumination
30:51 Chemistry
32:05 Theocracy
32:07 Bodkin Arrow
39:54 Heavy Plow
40:17 Silk Road
40:17 Conscription
40:17 Guilds
好邻居
2:22 Loom
11:25 Feudal Age
16:21 Castle Age
14:29 Double-Bit Axe
15:09 Horse Collar
15:20 Gold Mining
15:44 Stone Mining
17:30 Wheelbarrow
17:30 Bow Saw
19:44 Ballistics
24:11 Hand Cart
34:15 Imperial Age
32:08 Town Watch
33:14 Masonry
34:00 Heavy Plow
34:38 Heavy Scorpion
35:41 Conscription
36:56 Chemistry
37:16 Furor Celtica
37:42 Siege Engineers
37:33 Capped Ram
38:50 Siege Ram
39:55 Town Patrol
42:11 Gold Shaft Mining
cacadecaca38
10:42 Feudal Age
17:04 Castle Age
15:20 Stone Mining
15:44 Horse Collar
16:33 Double-Bit Axe
18:36 Loom
19:54 Fletching
20:06 Padded Archer Armor
24:07 Stone Shaft Mining
27:59 Wheelbarrow
28:36 Gold Mining
28:36 Town Watch
30:27 Hand Cart
36:11 Imperial Age
36:17 Imperial Age
35:30 Gold Shaft Mining
36:26 Ballistics
36:46 Bodkin Arrow
37:10 Leather Archer Armor
37:29 Conscription
40:11 Bow Saw
40:05 Heavy Plow
40:36 Heavy Rocket Cart
41:28 Bracer
41:59 Ring Archer Armor
42:56 Chemistry
Drookns
11:31 Feudal Age
15:41 Castle Age
13:41 Double-Bit Axe
16:59 Scale Barding Armor
18:39 Loom
20:26 Chain Barding Armor
20:03 Horse Collar
26:43 Wheelbarrow
27:52 Heavy Plow
28:02 Bow Saw
31:39 Hand Cart
37:06 Imperial Age
34:53 Padded Archer Armor
38:26 Elite Janissary
40:43 Heavy Camel Rider
Joaquito
11:17 Feudal Age
15:03 Castle Age
13:18 Double-Bit Axe
15:19 Horse Collar
17:05 Scale Mail Armor
19:08 Forging
21:47 Gold Mining
22:06 Arson
23:55 Wheelbarrow
24:01 Stone Mining
24:59 Loom
28:06 Gold Shaft Mining
32:26 Imperial Age
30:01 Squires
32:14 Hand Cart
31:47 Town Watch
33:57 Conscription
34:19 Heavy Plow
35:41 Chain Mail Armor
36:10 Iron Casting
38:10 Fletching
38:21 Padded Archer Armor
39:16 Red Cliffs Tactics
39:38 Bodkin Arrow
39:58 Leather Archer Armor
40:28 Onager
Federati
3:36 Double-Bit Axe
8:28 Wheelbarrow
7:52 Horse Collar
10:28 Feudal Age
13:11 Bow Saw
16:22 Loom
18:42 Arson
19:19 Scale Mail Armor
25:02 Castle Age
23:31 Scale Barding Armor
23:39 Forging
24:33 Heavy Plow
25:17 Hand Cart
25:25 Cavalier
26:06 Husbandry
26:55 Crop Rotation
27:22 Gold Mining
29:52 Gold Shaft Mining
30:25 Iron Casting
32:41 Two-Man Saw
34:23 Chain Barding Armor
Connection lost

Rejoining the realm…

Still unreachable

The connection could not be restored.

Session expired

The server has moved on; the page needs a fresh start.